 Dungeon Crawl Stone Soup version bcrawl-1.21.3-2-g9d8a61a446 (webtiles) character file.

Game seed: 7333612388220081172

4169 funkygono the Blocker (level 10, -9/81 HPs)
             Began as a Gnoll Fighter on Apr 25, 2020.
             Was a Believer of Okawaru.
             Mangled by an orc warrior
             ... wielding a +0 glaive
              (29 damage)
             ... in a bailey on Apr 27, 2020.
             The game lasted 00:17:16 (5543 turns).

funkygono the Blocker (Gnoll Fighter)               Turns: 5543, Time: 00:17:16

Health: -9/81      AC: 14    Str: 21    XL:     10   Next: 28%
Magic:  26/26      EV: 12    Int: 11    God:    Okawaru [**....]
Gold:   463        SH: 14    Dex: 15    Spells: 19/19 levels left

rFire    . . .     SeeInvis .   u - +8 short sword "Hesocver" {flame, MP+9 Stlth+}
rCold    + . .     Gourm    .   c - +3 medium shield
rNeg     + . .     Faith    .   n - +4 ring mail {rC+}
rPois    .         Spirit   .   (no helmet)
rElec    .         Reflect  .   (no cloak)
rCorr    .         Harm     .   (no gloves)
MR       .....                  p - +2 pair of boots {run}
Stlth    +++.......             (no amulet)
HPRegen  0.23/turn              q - ring of positive energy
MPRegen  0.20/turn              k - ring of wizardry

@: quick
A: distributed training, fangs 1, strong nose
a: Heroism, Renounce Religion


You were in a bailey.
You worshipped Okawaru.
Okawaru was pleased with you.
You were not hungry.

You visited 1 branch of the dungeon, and saw 7 of its levels.
You also visited: Ossuary and Bailey.

You collected 463 gold pieces.

Inventory:

Hand Weapons
 a - a +0 flail
 u - the +8 short sword "Hesocver" (weapon) {flame, MP+9 Stlth+}
   (You found it on level 4 of the Dungeon)

   It has been specially enchanted to burn those struck by it, causing extra
   injury to most foes and up to half again as much damage against particularly
   susceptible opponents.
   It affects your magic capacity (+9).
   It makes you more stealthy.
 w - a +2 whip of venom
Missiles
 l - 497 stones
 o - 926 sling bullets
 r - 70 steel javelins (quivered)
 s - 303 bolts
 y - 485 arrows
 B - a throwing net {!f}
Armour
 c - a +3 medium shield (worn)
 n - a +4 ring mail of cold resistance (worn)
 p - a +2 pair of boots of running (worn)
Magical Staves
 F - an uncursed staff of death {unknown}
Jewellery
 k - a ring of wizardry (right hand)
 q - a ring of positive energy (left hand)
Wands
 t - a wand of polymorph (8)
Scrolls
 d - a scroll of blinking
 g - 2 scrolls of amnesia
 j - 4 scrolls of teleportation
 v - 3 scrolls of identify
 x - a scroll of magic mapping {unknown}
 A - a scroll of fog
Potions
 b - a potion of heal wounds
 f - 2 potions of lignification
 h - 4 potions of flight
 i - 5 potions of curing
 m - a potion of brilliance
 z - 2 potions of mutation
 C - a potion of agility
 D - a potion of cancellation
Comestibles
 e - 8 rations {!d}
 E - 13 chunks of flesh


   Skills:
 + Level 8.3 Fighting
 + Level 5.0 Short Blades
 + Level 5.0 Long Blades
 + Level 5.0 Axes
 + Level 6.9 Maces & Flails
 + Level 5.0 Polearms
 + Level 5.0 Staves
 + Level 5.0 Slings
 + Level 5.0 Bows
 + Level 5.0 Crossbows
 + Level 5.0 Throwing
 + Level 8.3 Armour
 + Level 5.0 Dodging
 + Level 5.0 Stealth
 + Level 8.3 Shields
 + Level 5.0 Unarmed Combat
 + Level 5.0 Spellcasting
 + Level 4.1 Conjurations
 + Level 4.1 Hexes
 + Level 4.1 Charms
 + Level 4.1 Summonings
 + Level 4.1 Necromancy
 + Level 4.1 Translocations
 + Level 4.1 Transmutations
 + Level 4.1 Fire Magic
 + Level 4.1 Ice Magic
 + Level 4.1 Air Magic
 + Level 4.1 Earth Magic
 + Level 4.1 Poison Magic
 + Level 5.5 Invocations
 + Level 5.0 Evocations


You had 19 spell levels left.
You didn't know any spells.
Your spell library was empty.

Dungeon Overview and Level Annotations

Branches:
Dungeon (7/12)               Lair (0/6) D:7
 Temple: D:4-7

Altars:
Cheibriados
Hepliaklqana
Makhleb
Okawaru
Trog
Wu Jian
Yredelemnul


Innate Abilities, Weirdness & Mutations

Your experience applies equally to all skills.
You have very sharp teeth.
Your uncanny sense of smell can sniff out nearby items.


Message History

The orc knight hits you with a +0 trident!!
The orc warrior misses you.
Unknown command.
You puncture the orc knight! You burn the orc knight.
The orc knight is severely wounded.
The orc warrior completely misses you. You block the orc knight's attack.
You barely miss the orc knight.
The orc knight is severely wounded.
You block the orc warrior's attack. The orc warrior misses you.
You block the orc warrior's attack. The orc knight barely misses you.
You completely miss the orc knight.
The orc knight is severely wounded.
You block the orc warrior's attack. x2
The orc warrior hits you from afar with a +0 halberd!!
* * * LOW HITPOINT WARNING * * *
You block the orc knight's attack.
Unknown command.
You feel better.
The orc warrior hits you from afar with a +0 glaive!!
You die...

## ##### ##∩##
####
.....##...##....
.≈≈≈..#...#..≈≈≈
≈≈.≈≈.......≈≈o≈
≈.oo≈.o.....≈oo
≈≈o≈≈.o..o..≈≈o
#@.o# #.∩.#
##∩## ###


You could see an orc knight, 7 orc warriors and 3 orcs.

Vanquished Creatures
  A komodo dragon (D:7)
  Prince Ribbit (D:5)
  A hippogriff (D:4)
  A wraith (Ossuary)
  Eustachio (D:4)
  A hungry ghost (D:5)
  Edmund (D:4)
  Duvessa (D:5)
  A sky beast (D:7)
  A black bear (D:5)
  An orc warrior (Bailey)
  3 phantoms
  4 centaurs
  4 ogres
  2 bullfrogs
  Blork the orc (D:6)
  5 scorpions
  Dowan (D:5)
  9 wights (D:7)
  A howler monkey (D:6)
  4 crimson imps
  4 jellies
  An orc priest (D:3)
  3 hounds
  An orc wizard (D:3)
  An iguana (D:4)
  Ijyb (D:4)
  Natasha (thrice) (D:4)
  2 worker ants
  A hound zombie (D:6)
  A mummy (Ossuary)
  A hound skeleton (D:6)
  A worker ant zombie (D:7)
  4 adders (D:3)
  8 gnolls
  An adder zombie (D:5)
  An adder skeleton (D:6)
  3 worms (D:3)
  4 leopard geckos
  9 orcs
  A ball python (D:1)
  5 giant cockroaches
  5 goblins
  6 hobgoblins
  2 frilled lizards
  7 gnoll skeletons (Ossuary)
  4 kobolds
  7 kobold skeletons (Ossuary)
  11 orc skeletons (Ossuary)
  3 rats (D:1)
146 creatures vanquished.

Vanquished Creatures (others)
  3 plants (D:7)
3 creatures vanquished.

Grand Total: 149 creatures vanquished

Notes
Turn   | Place    | Note
-------+----------+-------------------------------------------
     0 | D:1      | funkygono the Gnoll Fighter began the quest for the Orb.
     0 | D:1      | Reached XP level 1. HP: 23/23 MP: 1/1
    98 | D:1      | Reached XP level 2. HP: 29/29 MP: 2/2
   784 | D:2      | Reached XP level 3. HP: 35/35 MP: 3/3
   845 | D:3      | Reached skill level 1 in Short Blades
   845 | D:3      | Reached skill level 1 in Long Blades
   845 | D:3      | Reached skill level 1 in Axes
   845 | D:3      | Reached skill level 1 in Polearms
   845 | D:3      | Reached skill level 1 in Staves
   845 | D:3      | Reached skill level 1 in Slings
   845 | D:3      | Reached skill level 1 in Bows
   845 | D:3      | Reached skill level 1 in Crossbows
   845 | D:3      | Reached skill level 1 in Throwing
   845 | D:3      | Reached skill level 1 in Dodging
   845 | D:3      | Reached skill level 1 in Stealth
   845 | D:3      | Reached skill level 1 in Unarmed Combat
   845 | D:3      | Reached skill level 1 in Spellcasting
   845 | D:3      | Reached skill level 1 in Invocations
   845 | D:3      | Reached skill level 1 in Evocations
   845 | D:3      | Reached XP level 4. HP: 41/41 MP: 3/5
  1228 | D:3      | Reached skill level 1 in Conjurations
  1228 | D:3      | Reached skill level 1 in Hexes
  1228 | D:3      | Reached skill level 1 in Charms
  1228 | D:3      | Reached skill level 1 in Summonings
  1228 | D:3      | Reached skill level 1 in Necromancy
  1228 | D:3      | Reached skill level 1 in Translocations
  1228 | D:3      | Reached skill level 1 in Transmutations
  1228 | D:3      | Reached skill level 1 in Fire Magic
  1228 | D:3      | Reached skill level 1 in Ice Magic
  1228 | D:3      | Reached skill level 1 in Air Magic
  1228 | D:3      | Reached skill level 1 in Earth Magic
  1228 | D:3      | Reached skill level 1 in Poison Magic
  1228 | D:3      | Reached XP level 5. HP: 39/47 MP: 6/6
  1697 | D:3      | Found a burning altar of Makhleb.
  1697 | D:3      | Found a hazy altar of Hepliaklqana.
  1698 | D:3      | Found an ornate altar of the Wu Jian Council.
  2024 | D:4      | Noticed Ijyb
  2027 | D:4      | Noticed Natasha
  2028 | D:4      | Killed Ijyb
  2028 | D:4      | Reached XP level 6. HP: 53/53 MP: 8/8
  2042 | D:4      | Killed Natasha
  2042 | D:4      | Reached skill level 5 in Maces & Flails
  2077 | D:4      | Got a bone short sword
  2116 | D:4      | Noticed Natasha
  2125 | D:4      | Killed Natasha
  2125 | D:4      | Reached XP level 7. HP: 53/59 MP: 10/10
  2133 | D:4      | Found a sand-covered staircase.
  2138 | Ossuary  | Entered an ossuary
  2138 | Ossuary  | Noticed a wraith
  2138 | Ossuary  | Noticed a wraith
  2138 | Ossuary  | Noticed a wraith
  2387 | Ossuary  | Noticed a wraith
  2405 | Ossuary  | Killed a wraith
  2631 | Ossuary  | Identified the +8 short sword "Hesocver" {flame, MP+9
                  | Stlth+} (You found it on level 4 of the Dungeon)
  2638 | Ossuary  | Identified a scroll of acquirement
  2638 | Ossuary  | Identified a +2 pair of boots of running (You acquired it
                  | in an ossuary)
  2706 | D:4      | Noticed Natasha
  2760 | D:4      | Killed Natasha
  2766 | D:4      | Noticed a hippogriff
  2776 | D:4      | Killed a hippogriff
  2776 | D:4      | Reached XP level 8. HP: 59/67 MP: 12/12
  2878 | D:4      | Found a snail-covered altar of Cheibriados.
  2970 | D:4      | Found a basalt altar of Yredelemnul.
  3277 | D:5      | Entered Level 5 of the Dungeon
  3277 | D:5      | Noticed Edmund
  3278 | D:5      | Noticed Eustachio
  3378 | D:4      | Killed Edmund
  3394 | D:4      | Killed Eustachio
  3634 | D:5      | Noticed Prince Ribbit
  3634 | D:5      | Noticed Duvessa
  3634 | D:5      | Noticed Dowan
  3660 | D:5      | Killed Prince Ribbit
  3660 | D:5      | Reached XP level 9. HP: 35/72 MP: 14/14
  3678 | D:5      | Killed Dowan
  3681 | D:5      | Killed Duvessa
  4180 | D:5      | Found an iron altar of Okawaru.
  4199 | D:5      | Became a worshipper of Warmaster Okawaru
  4733 | D:6      | Reached * piety under Okawaru
  4812 | D:6      | Noticed Blork the orc
  4815 | D:6      | Killed Blork the orc
  4815 | D:6      | Reached skill level 5 in Invocations
  5058 | D:7      | Found a bloodstained altar of Trog.
  5221 | D:7      | Reached XP level 10. HP: 80/80 MP: 17/17
  5381 | D:7      | Reached ** piety under Okawaru
  5383 | D:7      | Found a staircase to the Lair.
  5395 | D:7      | Reached skill level 5 in Short Blades
  5395 | D:7      | Reached skill level 5 in Long Blades
  5395 | D:7      | Reached skill level 5 in Axes
  5395 | D:7      | Reached skill level 5 in Polearms
  5395 | D:7      | Reached skill level 5 in Staves
  5395 | D:7      | Reached skill level 5 in Slings
  5395 | D:7      | Reached skill level 5 in Bows
  5395 | D:7      | Reached skill level 5 in Crossbows
  5395 | D:7      | Reached skill level 5 in Throwing
  5395 | D:7      | Reached skill level 5 in Dodging
  5395 | D:7      | Reached skill level 5 in Stealth
  5395 | D:7      | Reached skill level 5 in Unarmed Combat
  5395 | D:7      | Reached skill level 5 in Spellcasting
  5395 | D:7      | Reached skill level 5 in Evocations
  5506 | D:7      | Found a flagged portal.
  5527 | Bailey   | Entered a bailey
  5527 | Bailey   | Noticed an orc knight
  5543 | Bailey   | Mangled by an orc warrior

Skill      XL: |  1  2  3  4  5  6  7  8  9 10 |
---------------+-------------------------------+-----
Short Blades   | 1 2 3 4 5 |  5.0
Long Blades    | 1 2 3 4 5 |  5.0
Axes           | 1 2 3 4 5 |  5.0
Polearms       | 1 2 3 4 5 |  5.0
Staves         | 1 2 3 4 5 |  5.0
Slings         | 1 2 3 4 5 |  5.0
Bows           | 1 2 3 4 5 |  5.0
Crossbows      | 1 2 3 4 5 |  5.0
Throwing       | 1 2 3 4 5 |  5.0
Dodging        | 1 2 3 4 5 |  5.0
Stealth        | 1 2 3 4 5 |  5.0
Unarmed Combat | 1 2 3 4 5 |  5.0
Spellcasting   | 1 2 3 4 5 |  5.0
Invocations    | 1 2 3 4 5 |  5.5
Evocations     | 1 2 3 4 5 |  5.0
Conjurations   | 1 2 3 4 |  4.1
Hexes          | 1 2 3 4 |  4.1
Charms         | 1 2 3 4 |  4.1
Summonings     | 1 2 3 4 |  4.1
Necromancy     | 1 2 3 4 |  4.1
Translocations | 1 2 3 4 |  4.1
Transmutations | 1 2 3 4 |  4.1
Fire Magic     | 1 2 3 4 |  4.1
Ice Magic      | 1 2 3 4 |  4.1
Air Magic      | 1 2 3 4 |  4.1
Earth Magic    | 1 2 3 4 |  4.1
Poison Magic   | 1 2 3 4 |  4.1
Maces & Flails | 5 6 |  6.9
Fighting       | 7 8 |  8.3
Armour         | 7 8 |  8.3
Shields        | 7 8 |  8.3

Action                   |  1- 3 |  4- 6 |  7- 9 | 10-12 || total
-------------------------+-------+-------+-------+-------++-------
Melee: Flail             |    55 |    80 |    52 |       ||   187
       Bite              |     5 |    10 |    24 |     8 ||    47
       Short sword       |       |       |   182 |    71 ||   253
Throw: Tomahawk          |       |    48 |    22 |       ||    70
       Stone             |       |       |     6 |       ||     6
       Javelin           |       |       |    12 |    12 ||    24
  Use: Scroll            |     5 |     2 |    17 |       ||    24
       Potion            |       |     1 |     4 |     1 ||     6
 Stab: Sleeping          |       |       |     4 |     1 ||     5
       Invisible         |       |       |     1 |       ||     1
  Eat: Chunk             |       |     4 |     6 |     1 ||    11
       Ration            |       |       |     1 |       ||     1
Armor: Scale mail        |    24 |    26 |    57 |       ||   107
       Ring mail         |       |       |    21 |     7 ||    28
Dodge: Dodged            |    20 |    30 |   116 |    16 ||   182
Block: Medium shield     |    23 |    63 |   174 |    50 ||   310
